TOP OF THE 1ST |
Delmarva Shorebirds batting - Pitching for Greenville Drive : RHP Steve Capizzi
|
Pitching: RHP Steve Capizzi
|
|
Batting: RHB Orlando Melchor
|
0-0: Called Strike 0-1: Ball 1-1: Ball 2-1: Ball 3-1: Called Strike 3-2: TRIPLE (Groundball, 3L, EV 100.6 MPH)
|
Batting: RHB Michel Kamphuis
|
0-0: Ball 1-0: Called Strike 1-1: Ball 2-1: Foul Ball, location: 2F 2-2: Ball 3-2: Ground out 3-1 (Groundball, 34, EV 84.4 MPH) Orlando Melchor scores
|
Batting: LHB Pat Shaddock
|
0-0: Foul Ball, location: 2F 0-1: Called Strike 0-2: Ball 1-2: Ball 2-2: Ball 3-2: Foul Ball, location: 2F 3-2: Ground out 4-3 (Groundball, 4D, EV 108.8 MPH)
|
Batting: RHB Chase Cassidy
|
0-0: Ball 1-0: Ball 2-0: Ball 3-0: Base on Balls
|
Batting: LHB Jose Bethancourt
|
0-0: Called Strike 0-1: Ball 1-1: Ball 2-1: Ball 3-1: Called Strike 3-2: 2-RUN HOME RUN (Line Drive, 9D, EV 105.0 MPH), Distance : 400 ft
|
Batting: RHB Kiyuu del Castillo
|
0-0: Called Strike 0-1: Called Strike 0-2: Ball 1-2: Ball 2-2: Strikes out swinging
|
Top of the 1st over - 3 runs, 2 hits, 0 errors, 0 left on base; Delmarva 3 - Greenville 0 |
BOTTOM OF THE 1ST |
Greenville Drive batting - Pitching for Delmarva Shorebirds : RHP Jose Rico
|
Pitching: RHP Jose Rico
|
|
Batting: RHB David Norum
|
0-0: Foul Ball, location: 2F 0-1: Foul Ball, location: 2F 0-2: Strikes out swinging
|
Batting: LHB Sergio Tinoco
|
0-0: Ball 1-0: Foul Ball, location: 2F 1-1: Swinging Strike 1-2: Ground out 4-3 (Groundball, 4, EV 90.0 MPH)
|
Batting: RHB Dan Friess
|
0-0: Foul Ball, location: 2F 0-1: Ground out 6-3 (Groundball, 56D, EV 84.4 MPH)
|
Bottom of the 1st over - 0 runs, 0 hits, 0 errors, 0 left on base; Delmarva 3 - Greenville 0 |
TOP OF THE 2ND |
Delmarva Shorebirds batting - Pitching for Greenville Drive : RHP Steve Capizzi
|
Batting: LHB Momoru Yasui
|
0-0: Called Strike 0-1: Ball 1-1: Foul Ball, location: 2F 1-2: Ground out U3 (Groundball, 3, EV 106.3 MPH)
|
Batting: RHB Longfellow Wetzler
|
0-0: Called Strike 0-1: Ball 1-1: Ball 2-1: Fly out, F8 (Flyball, 8LM, EV 69.4 MPH)
|
Batting: SHB Eric Tiehen
|
0-0: Foul Ball, location: 2F 0-1: Ball 1-1: Called Strike 1-2: Ball 2-2: Strikes out swinging
|
Top of the 2nd over - 0 runs, 0 hits, 0 errors, 0 left on base; Delmarva 3 - Greenville 0 |
BOTTOM OF THE 2ND |
Greenville Drive batting - Pitching for Delmarva Shorebirds : RHP Jose Rico
|
Batting: RHB Devon Fourcade
|
0-0: Called Strike 0-1: Swinging Strike 0-2: Foul Ball, location: 2F 0-2: Strikes out swinging
|
Batting: RHB Billy Ratz
|
0-0: Swinging Strike 0-1: Ball 1-1: Ball 2-1: Fly out, F4 (Popup, 4, EV 73.1 MPH)
|
Batting: RHB Larry Brocato
|
0-0: Ball 1-0: Ball 2-0: Fly out, F6 (Line Drive, 6, EV 68.8 MPH)
|
Bottom of the 2nd over - 0 runs, 0 hits, 0 errors, 0 left on base; Delmarva 3 - Greenville 0 |
TOP OF THE 3RD |
Delmarva Shorebirds batting - Pitching for Greenville Drive : RHP Steve Capizzi
|
Batting: RHB Orlando Melchor
|
0-0: Ball 1-0: Ball 2-0: Ball 3-0: Foul Ball, location: 2F 3-1: Base on Balls
|
Batting: RHB Michel Kamphuis
|
0-0: Swinging Strike 0-1: Ball 1-1: Ball 2-1: Foul Ball, location: 2F 2-2: Foul Ball, location: 2F 2-2: Ball 3-2: Ground out 3-1 (Groundball, 34S, EV 79.4 MPH) Orlando Melchor to second
|
Batting: LHB Pat Shaddock
|
0-0: Ball Orlando Melchor steals 3rd base 1-0: Ball 2-0: Ball 3-0: Called Strike 3-1: 2-RUN HOME RUN (Flyball, 7LD, EV 98.8 MPH), Distance : 349 ft
|
Pitching: LHP Chris Deans
|
|
Batting: RHB Chase Cassidy
|
0-0: Ball 1-0: Ball 2-0: SINGLE (Line Drive, 7S, EV 107.5 MPH)
|
Batting: LHB Jose Bethancourt
|
0-0: Ball 1-0: Ball 2-0: Fly out, F2 (Popup, 25F, EV 83.1 MPH)
|
Batting: RHB Kiyuu del Castillo
|
0-0: Called Strike 0-1: Ball 1-1: Ball 2-1: Ball Wild Pitch! Chase Cassidy to second 3-1: Foul Ball, location: 2F 3-2: Fly out, F2 (Popup, 3SF, EV 89.4 MPH)
|
Top of the 3rd over - 2 runs, 2 hits, 0 errors, 1 left on base; Delmarva 5 - Greenville 0 |
BOTTOM OF THE 3RD |
Greenville Drive batting - Pitching for Delmarva Shorebirds : RHP Jose Rico
|
Batting: RHB Dave Nickerson
|
0-0: Called Strike 0-1: Ball 1-1: Ball 2-1: Foul Ball, location: 2F 2-2: Ball 3-2: Base on Balls
|
Batting: RHB Adugna Chandu
|
0-0: Ball 1-0: Ball 2-0: Ball 3-0: Called Strike 3-1: Grounds into double play, 6-4-3 (Groundball, 6, EV 83.1 MPH)
|
Batting: RHB Paul Long
|
0-0: Ground out 5-3 (Groundball, 56S, EV 85.0 MPH)
|
Bottom of the 3rd over - 0 runs, 0 hits, 0 errors, 0 left on base; Delmarva 5 - Greenville 0 |
TOP OF THE 4TH |
Delmarva Shorebirds batting - Pitching for Greenville Drive : LHP Chris Deans
|
Batting: LHB Momoru Yasui
|
0-0: Foul Ball, location: 2F 0-1: Ball 1-1: Ball 2-1: Foul Ball, location: 2F 2-2: Ball 3-2: Base on Balls
|
Batting: RHB Longfellow Wetzler
|
0-0: Called Strike 0-1: Called Strike 0-2: Fly out, F8 (Flyball, 8LD, EV 103.8 MPH)
|
Batting: SHB Eric Tiehen
|
0-0: Ball 1-0: Ball 2-0: Called Strike 2-1: Grounds into double play, 4-6-3 (Groundball, 34, EV 103.8 MPH)
|
Top of the 4th over - 0 runs, 0 hits, 0 errors, 0 left on base; Delmarva 5 - Greenville 0 |
BOTTOM OF THE 4TH |
Greenville Drive batting - Pitching for Delmarva Shorebirds : RHP Jose Rico
|
Batting: RHB David Norum
|
0-0: Ball 1-0: Foul Ball, location: 2F 1-1: Fly out, F8 (Line Drive, 8LM, EV 84.4 MPH)
|
Batting: LHB Sergio Tinoco
|
0-0: Called Strike 0-1: Called Strike 0-2: Ball 1-2: Ball 2-2: Strikes out swinging
|
Batting: RHB Dan Friess
|
0-0: Foul Ball, location: 2F 0-1: Foul Ball, location: 2F 0-2: Ball 1-2: Ball 2-2: Strikes out swinging
|
Bottom of the 4th over - 0 runs, 0 hits, 0 errors, 0 left on base; Delmarva 5 - Greenville 0 |
TOP OF THE 5TH |
Delmarva Shorebirds batting - Pitching for Greenville Drive : LHP Chris Deans
|
Batting: RHB Orlando Melchor
|
0-0: Ball 1-0: Called Strike 1-1: Foul Ball, location: 2F 1-2: Foul Ball, location: 2F 1-2: DOUBLE (Line Drive, 89XD, EV 109.4 MPH)
|
Batting: RHB Michel Kamphuis
|
0-0: Fly out, F6 (Line Drive, 6, EV 70.6 MPH) Lined into DP, 6-4 (Line Drive, 6, EV 75.0 MPH)
|
Batting: LHB Pat Shaddock
|
0-0: Ground out 5-3 (Groundball, 5, EV 85.6 MPH)
|
Top of the 5th over - 0 runs, 1 hit, 0 errors, 0 left on base; Delmarva 5 - Greenville 0 |
BOTTOM OF THE 5TH |
Greenville Drive batting - Pitching for Delmarva Shorebirds : RHP Jose Rico
|
Batting: RHB Devon Fourcade
|
0-0: SOLO HOME RUN (Flyball, 7D, EV 97.5 MPH), Distance : 391 ft
|
Batting: RHB Billy Ratz
|
0-0: Called Strike 0-1: Ball 1-1: Ball 2-1: Foul Ball, location: 2F 2-2: DOUBLE (Line Drive, 3D, EV 105.0 MPH)
|
Batting: RHB Larry Brocato
|
0-0: SINGLE (Groundball, 4M, EV 101.3 MPH) (infield hit) Billy Ratz to third
|
Batting: RHB Dave Nickerson
|
0-0: Called Strike 0-1: Ball 1-1: Ball 2-1: Ball 3-1: SINGLE (Groundball, 25, EV 71.3 MPH) (infield hit) Larry Brocato to second
|
Batting: RHB Adugna Chandu
|
0-0: Called Strike 0-1: Ball 1-1: Ball 2-1: Ball 3-1: Base on Balls Billy Ratz scores Larry Brocato to third Dave Nickerson to second
|
Batting: RHB Paul Long
|
0-0: Ball 1-0: Ball 2-0: Foul Ball, location: 2F 2-1: Ball 3-1: Base on Balls Larry Brocato scores Dave Nickerson to third Adugna Chandu to second
|
Batting: RHB David Norum
|
0-0: Ball 1-0: Ball 2-0: Ball 3-0: Base on Balls Dave Nickerson scores Adugna Chandu to third Paul Long to second
|
Batting: LHB Sergio Tinoco
|
0-0: Called Strike 0-1: Ball 1-1: Called Strike 1-2: Ball 2-2: Strikes out swinging
|
Batting: RHB Dan Friess
|
0-0: Fly out, F8 (Flyball, 8LD, EV 100.0 MPH) Runner from 3rd tags up, SCORES, throw by CF Paul Long to third
|
Pitching: RHP Wayne Lammers
|
|
Batting: RHB Devon Fourcade
|
0-0: Foul Ball, location: 2F 0-1: Foul Ball, location: 2F 0-2: Fielders Choice at 2nd, 6-4 (Groundball, 6, EV 106.3 MPH)
|
Bottom of the 5th over - 5 runs, 4 hits, 0 errors, 2 left on base; Delmarva 5 - Greenville 5 |
TOP OF THE 6TH |
Delmarva Shorebirds batting - Pitching for Greenville Drive : LHP Chris Deans
|
Batting: RHB Chase Cassidy
|
0-0: Called Strike 0-1: Ball 1-1: Ball 2-1: Ball 3-1: Base on Balls
|
Batting: LHB Jose Bethancourt
|
0-0: Ball Chase Cassidy steals 2nd base (no throw) 1-0: Called Strike 1-1: SINGLE (Groundball, 6M, EV 101.9 MPH) (infield hit) Chase Cassidy to third
|
Batting: RHB Kiyuu del Castillo
|
0-0: Foul Ball, location: 2F 0-1: Ball 1-1: Ball 2-1: Called Strike 2-2: Foul Ball, location: 2F 2-2: 3-RUN HOME RUN (Flyball, 78XD, EV 104.4 MPH), Distance : 427 ft
|
Pitching: RHP Humberto Delgado
|
|
Batting: LHB Momoru Yasui
|
0-0: Ball 1-0: Foul Ball, location: 2F 1-1: Ball 2-1: Ground out 5-3 (Groundball, 56, EV 82.5 MPH)
|
Batting: RHB Longfellow Wetzler
|
0-0: Ball 1-0: Swinging Strike 1-1: Ball 2-1: Called Strike 2-2: Ball 3-2: SINGLE (Groundball, 56D, EV 100.0 MPH)
|
Batting: SHB Eric Tiehen
|
0-0: Ball 1-0: Called Strike 1-1: Foul Ball, location: 2F 1-2: SINGLE (Groundball, 4, EV 95.0 MPH) Longfellow Wetzler to second Runner from 2nd tries for 3rd, OUT! 8-5
|
Batting: RHB Orlando Melchor
|
0-0: Ground out 6-3 (Groundball, 6MS, EV 85.6 MPH)
|
Top of the 6th over - 3 runs, 4 hits, 0 errors, 1 left on base; Delmarva 8 - Greenville 5 |
BOTTOM OF THE 6TH |
Greenville Drive batting - Pitching for Delmarva Shorebirds : RHP Wayne Lammers
|
Batting: RHB Billy Ratz
|
0-0: Ball 1-0: Foul Ball, location: 2F 1-1: Foul Ball, location: 2F 1-2: Strikes out swinging
|
Batting: RHB Larry Brocato
|
0-0: Ball 1-0: Ground out 4-3 (Groundball, 4, EV 107.5 MPH)
|
Batting: RHB Dave Nickerson
|
0-0: Swinging Strike 0-1: Foul Ball, location: 2F 0-2: Strikes out swinging
|
Bottom of the 6th over - 0 runs, 0 hits, 0 errors, 0 left on base; Delmarva 8 - Greenville 5 |
TOP OF THE 7TH |
Delmarva Shorebirds batting - Pitching for Greenville Drive : RHP Humberto Delgado
|
Pitching: LHP Jason Kell
|
|
Batting: RHB Michel Kamphuis
|
0-0: Ball 1-0: Foul Ball, location: 2F 1-1: Foul Ball, location: 2F 1-2: Ball 2-2: Foul Ball, location: 2F 2-2: Fly out, F4 (Line Drive, 34, EV 82.5 MPH)
|
Batting: LHB Pat Shaddock
|
0-0: Called Strike 0-1: Foul Ball, location: 2F 0-2: Strikes out swinging
|
Batting: RHB Chase Cassidy
|
0-0: Swinging Strike 0-1: Ball 1-1: Foul Ball, location: 2F 1-2: Ground out 4-3 (Groundball, 4, EV 102.5 MPH)
|
Top of the 7th over - 0 runs, 0 hits, 0 errors, 0 left on base; Delmarva 8 - Greenville 5 |
BOTTOM OF THE 7TH |
Greenville Drive batting - Pitching for Delmarva Shorebirds : RHP Wayne Lammers
|
Batting: RHB Adugna Chandu
|
0-0: Ball 1-0: Fly out, F8 (Flyball, 8LM, EV 91.9 MPH)
|
Batting: RHB Paul Long
|
0-0: Swinging Strike 0-1: Called Strike 0-2: Strikes out looking
|
Batting: RHB David Norum
|
0-0: Ball 1-0: Ground out 6-3 (Groundball, 6, EV 104.4 MPH)
|
Bottom of the 7th over - 0 runs, 0 hits, 0 errors, 0 left on base; Delmarva 8 - Greenville 5 |
TOP OF THE 8TH |
Delmarva Shorebirds batting - Pitching for Greenville Drive : LHP Jason Kell
|
Batting: LHB Jose Bethancourt
|
0-0: Called Strike 0-1: Swinging Strike 0-2: Ball 1-2: Ball 2-2: Ball 3-2: Base on Balls
|
Batting: RHB Kiyuu del Castillo
|
0-0: Called Strike 0-1: Swinging Strike 0-2: Ball 1-2: Foul Ball, location: 2F 1-2: Fly out, F5 (Popup, 25F, EV 88.1 MPH)
|
Batting: LHB Momoru Yasui
|
0-0: Ball 1-0: Ball 2-0: Ball 3-0: Called Strike 3-1: Called Strike 3-2: Base on Balls Jose Bethancourt to second
|
Batting: RHB Longfellow Wetzler
|
0-0: Ball 1-0: Foul Ball, location: 2F 1-1: Ball 2-1: Foul Ball, location: 2F 2-2: Strikes out looking
|
Pitching: RHP Frank Roberts
|
|
Batting: SHB Eric Tiehen
|
0-0: Ground out 3-1 (Groundball, 34S, EV 81.3 MPH)
|
Top of the 8th over - 0 runs, 0 hits, 0 errors, 2 left on base; Delmarva 8 - Greenville 5 |
BOTTOM OF THE 8TH |
Greenville Drive batting - Pitching for Delmarva Shorebirds : RHP Wayne Lammers
|
Batting: LHB Sergio Tinoco
|
0-0: DOUBLE (Flyball, 8RD, EV 105.6 MPH)
|
Batting: RHB Dan Friess
|
0-0: Ball 1-0: Fly out, F7 (Flyball, 7LM, EV 88.1 MPH)
|
Batting: RHB Devon Fourcade
|
0-0: Ball 1-0: Ball 2-0: Ball 3-0: Base on Balls
|
Batting: RHB Billy Ratz
|
0-0: Swinging Strike 0-1: Ball 1-1: Swinging Strike 1-2: Strikes out swinging
|
Batting: RHB Larry Brocato
|
0-0: Ball 1-0: Fly out, F8 (Flyball, 8RM, EV 97.5 MPH)
|
Bottom of the 8th over - 0 runs, 1 hit, 0 errors, 2 left on base; Delmarva 8 - Greenville 5 |
TOP OF THE 9TH |
Delmarva Shorebirds batting - Pitching for Greenville Drive : RHP Frank Roberts
|
Batting: RHB Orlando Melchor
|
0-0: Ball 1-0: Called Strike 1-1: Ball 2-1: Foul Ball, location: 2F 2-2: Ball 3-2: Fly out, F7 (Flyball, 78M, EV 80.6 MPH)
|
Batting: RHB Michel Kamphuis
|
0-0: Ball 1-0: Called Strike 1-1: Ball 2-1: Ball 3-1: Foul Ball, location: 2F 3-2: Foul Ball, location: 2F 3-2: Foul Ball, location: 2F 3-2: Ground out 4-3 (Groundball, 4, EV 88.8 MPH)
|
Batting: LHB Pat Shaddock
|
0-0: Swinging Strike 0-1: Ball 1-1: Swinging Strike 1-2: Ball 2-2: Strikes out swinging
|
Top of the 9th over - 0 runs, 0 hits, 0 errors, 0 left on base; Delmarva 8 - Greenville 5 |
BOTTOM OF THE 9TH |
Greenville Drive batting - Pitching for Delmarva Shorebirds : RHP Wayne Lammers
|
Pitching: RHP Nick Hoag
|
|
Batting: RHB Dave Nickerson
|
0-0: Ground out 6-3 (Groundball, 6, EV 86.3 MPH)
|
Batting: RHB Adugna Chandu
|
0-0: Ball 1-0: Ground out 5-3 (Groundball, 56, EV 105.6 MPH)
|
Batting: RHB Paul Long
|
0-0: Ball 1-0: Called Strike 1-1: Ball 2-1: Ball 3-1: Foul Ball, location: 2F 3-2: DOUBLE (Flyball, 8LXD, EV 113.1 MPH)
|
Batting: RHB David Norum
|
0-0: Called Strike 0-1: Called Strike 0-2: Ball 1-2: Strikes out looking
|
Bottom of the 9th over - 0 runs, 1 hit, 0 errors, 1 left on base; Delmarva 8 - Greenville 5 |
|